SA
ATHLETIC CLUB KC U-21 @ BELLEVUE BRUINS
08/12/2029
 
TOP OF THE 1ST
Athletic Club KC U-21 batting - Pitching for Bellevue Bruins : RHP Justin Flynn
Pitching: RHP Justin Flynn
Batting: LHB Pablo Hernández 0-0: SINGLE (Line Drive, 6D)
Batting: RHB Leonardo Hernández 0-0: Ball
1-0: Ball
2-0: Swinging Strike
2-1: Called Strike
2-2: Ball
3-2: Foul Ball, location: 2F
3-2: Fly out, F8 (Flyball, 8LD)
Batting: LHB José Antonio Mireles 0-0: Ball
1-0: Called Strike
1-1: Ball
2-1: Foul Ball, location: 2F
2-2: Ball
3-2: Strikes out swinging
Batting: LHB Miguel Vásquez 0-0: Ball
1-0: Ball
Pablo Hernández steals 2nd base
2-0: Ball
3-0: Called Strike
3-1: Called Strike
3-2: Foul Ball, location: 2F
3-2: Base on Balls
Batting: RHB José Hernández 0-0: Ball
1-0: Ball
2-0: Ball
3-0: SINGLE (Line Drive, 89S)
Pablo Hernández to third
Miguel Vásquez to second
Runner from 3rd tries for Home, SAFE, no throw
Batting: RHB José Torres 0-0: Called Strike
0-1: Swinging Strike
0-2: Foul Ball, location: 2F
0-2: Foul Ball, location: 2F
0-2: Strikes out swinging
Top of the 1st over - 1 run, 2 hits, 0 errors, 2 left on base; Athletic Club KC 1 - Bellevue 0
BOTTOM OF THE 1ST
Bellevue Bruins batting - Pitching for Athletic Club KC U-21 : RHP Alberto Ortíz
Pitching: RHP Alberto Ortíz
Batting: RHB Félix Sánchez 0-0: DOUBLE (Flyball, 89D)
Batting: RHB Ryan Faulkner 0-0: Foul Ball, location: 2F
0-1: Ball
1-1: Ball
2-1: Foul Ball, location: 2F
2-2: Strikes out swinging
Batting: SHB Júlio Morín Jr. 0-0: Called Strike
Félix Sánchez steals 3rd base
0-1: Ground out U3 (Groundball, 3)
Batting: LHB Lorenzo Díaz 0-0: SINGLE (Line Drive, 9S)
Félix Sánchez scores
Batting: LHB Juan Romero 0-0: Fly out, F8 (Flyball, 8RM)
Bottom of the 1st over - 1 run, 2 hits, 0 errors, 1 left on base; Athletic Club KC 1 - Bellevue 1
TOP OF THE 2ND
Athletic Club KC U-21 batting - Pitching for Bellevue Bruins : RHP Justin Flynn
Batting: RHB Francisco Vigil 0-0: Called Strike
0-1: Ball
1-1: Foul Ball, location: 2F
1-2: Ball
2-2: Strikes out swinging, 2-3 out at first.
Batting: RHB Bing-zhong Wu 0-0: Called Strike
0-1: Swinging Strike
0-2: Ball
1-2: Strikes out swinging
Batting: SHB José García 0-0: Called Strike
0-1: Swinging Strike
0-2: Ball
1-2: SINGLE (Flyball, 8RS)
Batting: LHB Pablo Hernández 0-0: Ground out 6-3 (Groundball, 6MS)
Top of the 2nd over - 0 runs, 1 hit, 0 errors, 1 left on base; Athletic Club KC 1 - Bellevue 1
BOTTOM OF THE 2ND
Bellevue Bruins batting - Pitching for Athletic Club KC U-21 : RHP Alberto Ortíz
Batting: LHB David Muller 0-0: Called Strike
0-1: Fly out, F7 (Flyball, 7S)
Batting: LHB Domingo Colón 0-0: Called Strike
0-1: Swinging Strike
0-2: Ball
1-2: Fly out, F7 (Flyball, 7D)
Batting: RHB Ramón Ramírez 0-0: Ball
1-0: Ground out 5-3 (Groundball, 56)
Bottom of the 2nd over - 0 runs, 0 hits, 0 errors, 0 left on base; Athletic Club KC 1 - Bellevue 1
TOP OF THE 3RD
Athletic Club KC U-21 batting - Pitching for Bellevue Bruins : RHP Justin Flynn
Batting: RHB Leonardo Hernández 0-0: Foul Ball, location: 2F
0-1: Ball
1-1: Swinging Strike
1-2: Ball
2-2: SINGLE (Line Drive, 6D)
Batting: LHB José Antonio Mireles 0-0: Ball
1-0: Foul Ball, location: 2F
1-1: SINGLE (Groundball, 56D)
Leonardo Hernández to second
Batting: LHB Miguel Vásquez 0-0: Called Strike
0-1: Fielders Choice at 2nd, 3-6 (Groundball, 34)
Leonardo Hernández to third
Batting: RHB José Hernández 0-0: Called Strike
0-1: Ball
1-1: Swinging Strike
1-2: Ball
2-2: Ball
3-2: Base on Balls
Miguel Vásquez to second
Pitching: RHP Jerry Kumpf
Batting: RHB José Torres 0-0: Ball
1-0: Fly out, F7 (Line Drive, 7S)
Batting: RHB Francisco Vigil 0-0: Ball
1-0: SINGLE (Line Drive, 6D)
Leonardo Hernández scores
Miguel Vásquez to third
José Hernández to second
Runner from 3rd tries for Home, SAFE, no throw
Batting: RHB Bing-zhong Wu 0-0: SINGLE (Groundball, 4MD)
José Hernández to third
Francisco Vigil to second
Runner from 3rd tries for Home, SAFE, no throw
Batting: SHB José García 0-0: Called Strike
0-1: Ground out 3-1 (Groundball, 34S)
Top of the 3rd over - 3 runs, 4 hits, 0 errors, 2 left on base; Athletic Club KC 4 - Bellevue 1
BOTTOM OF THE 3RD
Bellevue Bruins batting - Pitching for Athletic Club KC U-21 : RHP Alberto Ortíz
Batting: SHB Paul Maddox 0-0: Ball
1-0: Swinging Strike
1-1: Foul Ball, location: 2F
1-2: Fly out, F9 (Line Drive, 9LM)
Batting: RHB Félix Sánchez 0-0: Called Strike
0-1: Foul Ball, location: 2F
0-2: Strikes out swinging
Batting: RHB Ryan Faulkner 0-0: Ball
1-0: Ball
2-0: Called Strike
2-1: Foul Ball, location: 2F
2-2: SINGLE (Groundball, 6MD)
Batting: SHB Júlio Morín Jr. 0-0: Ball
1-0: Ball
2-0: Foul Ball, location: 2F
2-1: Swinging Strike
2-2: DOUBLE (Flyball, 7LD)
Ryan Faulkner to third
Batting: LHB Lorenzo Díaz 0-0: Swinging Strike
0-1: Ball
1-1: Ground out 1-3 (Groundball, 15S)
Bottom of the 3rd over - 0 runs, 2 hits, 0 errors, 2 left on base; Athletic Club KC 4 - Bellevue 1
TOP OF THE 4TH
Athletic Club KC U-21 batting - Pitching for Bellevue Bruins : RHP Jerry Kumpf
Batting: LHB Pablo Hernández 0-0: Called Strike
0-1: Ball
1-1: Fly out, F9 (Flyball, 9D)
Batting: RHB Leonardo Hernández 0-0: Ball
1-0: Foul Ball, location: 2F
1-1: Foul Ball, location: 2F
1-2: Ball
2-2: Fly out, F7 (Flyball, 7S)
Batting: LHB José Antonio Mireles 0-0: Ball
1-0: Ball
2-0: Ball
3-0: Called Strike
3-1: Base on Balls
Batting: LHB Miguel Vásquez 0-0: Called Strike
0-1: Foul Ball, location: 2F
Pickoff Throw to First - Out!
Top of the 4th over - 0 runs, 0 hits, 0 errors, 0 left on base; Athletic Club KC 4 - Bellevue 1
BOTTOM OF THE 4TH
Bellevue Bruins batting - Pitching for Athletic Club KC U-21 : RHP Alberto Ortíz
Batting: LHB Juan Romero 0-0: Ground out 4-3 (Groundball, 4)
Batting: LHB David Muller 0-0: Called Strike
0-1: SINGLE (Line Drive, 89M)
Batting: LHB Domingo Colón 0-0: Hit by Pitch
David Muller to second
Batting: RHB Ramón Ramírez 0-0: Ball
1-0: Foul Ball, location: 2F
1-1: Fielders Choice at 2nd, 2-4 (Groundball, 2L)
David Muller to third
Batting: SHB Paul Maddox 0-0: Fly out, F9 (Flyball, 89D)
Bottom of the 4th over - 0 runs, 1 hit, 0 errors, 2 left on base; Athletic Club KC 4 - Bellevue 1
TOP OF THE 5TH
Athletic Club KC U-21 batting - Pitching for Bellevue Bruins : RHP Jerry Kumpf
Batting: LHB Miguel Vásquez 0-0: Foul Ball, location: 2F
0-1: Foul Ball, location: 2F
0-2: Foul Ball, location: 2F
0-2: Ground out 6-3 (Groundball, 6)
Batting: RHB José Hernández 0-0: Ball
1-0: Called Strike
1-1: Ball
2-1: Swinging Strike
2-2: Foul Ball, location: 2F
2-2: Ball
3-2: Base on Balls
Batting: RHB José Torres 0-0: SINGLE (Line Drive, 56)
José Hernández to second
Batting: RHB Francisco Vigil 0-0: Called Strike
0-1: Swinging Strike
0-2: Ball
1-2: Strikes out swinging
Batting: RHB Bing-zhong Wu 0-0: Ball
1-0: Swinging Strike
1-1: Foul Ball, location: 2F
1-2: Strikes out swinging
Top of the 5th over - 0 runs, 1 hit, 0 errors, 2 left on base; Athletic Club KC 4 - Bellevue 1
BOTTOM OF THE 5TH
Bellevue Bruins batting - Pitching for Athletic Club KC U-21 : RHP Alberto Ortíz
Batting: RHB Félix Sánchez 0-0: Fly out, F9 (Flyball, 9LS)
Batting: RHB Ryan Faulkner 0-0: Ball
1-0: Called Strike
1-1: Fly out, F5 (Popup, 5S)
Batting: SHB Júlio Morín Jr. 0-0: SINGLE (Line Drive, 4MD)
Batting: LHB Lorenzo Díaz 0-0: Ball
1-0: Fielders Choice at 2nd, 6-4 (Groundball, 6)
Bottom of the 5th over - 0 runs, 1 hit, 0 errors, 1 left on base; Athletic Club KC 4 - Bellevue 1
TOP OF THE 6TH
Athletic Club KC U-21 batting - Pitching for Bellevue Bruins : RHP Jerry Kumpf
Batting: SHB José García 0-0: Foul Ball, location: 2F
0-1: Ball
1-1: Ground out 4-3 (Groundball, 4)
Batting: LHB Pablo Hernández 0-0: Swinging Strike
0-1: Ball
1-1: Ball
2-1: Called Strike
2-2: Strikes out swinging
Batting: RHB Leonardo Hernández 0-0: Called Strike
0-1: Fly out, F5 (Line Drive, 5)
Top of the 6th over - 0 runs, 0 hits, 0 errors, 0 left on base; Athletic Club KC 4 - Bellevue 1
BOTTOM OF THE 6TH
Bellevue Bruins batting - Pitching for Athletic Club KC U-21 : RHP Alberto Ortíz
Batting: LHB Juan Romero 0-0: Called Strike
0-1: Called Strike
0-2: Ball
1-2: Foul Ball, location: 2F
1-2: Ball
2-2: Ball
3-2: Foul Ball, location: 2F
3-2: Foul Ball, location: 2F
3-2: TRIPLE (Groundball, 3L)
Batting: LHB David Muller 0-0: Fly out, F8 (Flyball, 8RM)
Runner from 3rd tags up, SCORES, throw made
Batting: LHB Domingo Colón 0-0: Ball
1-0: Foul Ball, location: 2F
1-1: Ball
2-1: Ball
3-1: Ground out 1-3 (Groundball, 13)
Batting: RHB Ramón Ramírez 0-0: Called Strike
0-1: Ground out 6-3 (Groundball, 6)
Bottom of the 6th over - 1 run, 1 hit, 0 errors, 0 left on base; Athletic Club KC 4 - Bellevue 2
TOP OF THE 7TH
Athletic Club KC U-21 batting - Pitching for Bellevue Bruins : RHP Jerry Kumpf
Batting: LHB José Antonio Mireles 0-0: Ball
1-0: Fly out, F7 (Flyball, 78M)
Batting: LHB Miguel Vásquez 0-0: Ball
1-0: Foul Ball, location: 2F
1-1: Ball
2-1: Hit by Pitch
Batting: RHB José Hernández 0-0: Swinging Strike
0-1: Swinging Strike
0-2: Strikes out swinging
Batting: RHB José Torres 0-0: Ball
1-0: Ball
2-0: Called Strike
2-1: SINGLE (Groundball, 6MS) (infield hit)
Miguel Vásquez to second
Batting: RHB Francisco Vigil 0-0: Ball
1-0: Fly out, F8 (Flyball, 8LM)
Top of the 7th over - 0 runs, 1 hit, 0 errors, 2 left on base; Athletic Club KC 4 - Bellevue 2
BOTTOM OF THE 7TH
Bellevue Bruins batting - Pitching for Athletic Club KC U-21 : RHP Alberto Ortíz
Batting: SHB Paul Maddox 0-0: Ball
1-0: Foul Ball, location: 2F
1-1: Ball
2-1: Foul Ball, location: 2F
2-2: Ball
3-2: Base on Balls
Batting: RHB Félix Sánchez 0-0: Bunted foul
0-1: Sac Bunt - play at first, batter OUT! 1-4
Paul Maddox to second
Batting: RHB Ryan Faulkner 0-0: Fly out, F5 (Line Drive, 5S)
Batting: SHB Júlio Morín Jr. 0-0: Ball
1-0: Swinging Strike
1-1: Fly out, F8 (Flyball, 8LD)
Bottom of the 7th over - 0 runs, 0 hits, 0 errors, 1 left on base; Athletic Club KC 4 - Bellevue 2
TOP OF THE 8TH
Athletic Club KC U-21 batting - Pitching for Bellevue Bruins : RHP Jerry Kumpf
Batting: RHB Bing-zhong Wu 0-0: Called Strike
0-1: Called Strike
0-2: Ball
1-2: Strikes out swinging
Batting: SHB José García 0-0: Ball
1-0: Called Strike
1-1: Ball
2-1: Ground out 4-3 (Groundball, 4)
Batting: LHB Pablo Hernández 0-0: Called Strike
0-1: Called Strike
0-2: Ball
1-2: Foul Ball, location: 2F
1-2: Ball
2-2: Foul Ball, location: 2F
2-2: Ball
3-2: Base on Balls
Batting: RHB Leonardo Hernández 0-0: Ball
1-0: Fielders Choice at 2nd, 6-4 (Groundball, 6)
Top of the 8th over - 0 runs, 0 hits, 0 errors, 1 left on base; Athletic Club KC 4 - Bellevue 2
BOTTOM OF THE 8TH
Bellevue Bruins batting - Pitching for Athletic Club KC U-21 : RHP Alberto Ortíz
Batting: LHB Lorenzo Díaz 0-0: Foul Ball, location: 2F
0-1: Foul Ball, location: 2F
0-2: Ground out 3-1 (Groundball, 34S)
Pitching: RHP Bob Sosa
Batting: LHB Juan Romero 0-0: Ball
1-0: Fly out, F8 (Flyball, 8LD)
Batting: LHB David Muller 0-0: Called Strike
0-1: Ball
1-1: Ground out U3 (Groundball, 34)
Bottom of the 8th over - 0 runs, 0 hits, 0 errors, 0 left on base; Athletic Club KC 4 - Bellevue 2
TOP OF THE 9TH
Athletic Club KC U-21 batting - Pitching for Bellevue Bruins : RHP Jerry Kumpf
Batting: LHB José Antonio Mireles 0-0: Ball
1-0: Foul Ball, location: 2F
1-1: Foul Ball, location: 2F
1-2: Foul Ball, location: 2F
1-2: Foul Ball, location: 2F
1-2: Ball
2-2: Strikes out swinging
Batting: LHB Miguel Vásquez 0-0: Ball
1-0: SINGLE (Groundball, 4D)
Batting: RHB José Hernández 0-0: Called Strike
0-1: DOUBLE (Line Drive, 9LD)
Miguel Vásquez to third
Batting: RHB José Torres 0-0: Called Strike
0-1: SINGLE (Line Drive, 3)
Miguel Vásquez scores
José Hernández to third
Batting: RHB Francisco Vigil 0-0: Called Strike
0-1: Foul Ball, location: 2F
0-2: Strikes out looking
Batting: RHB Bing-zhong Wu 0-0: Fly out, F7 (Line Drive, 7)
Top of the 9th over - 1 run, 3 hits, 0 errors, 2 left on base; Athletic Club KC 5 - Bellevue 2
BOTTOM OF THE 9TH
Bellevue Bruins batting - Pitching for Athletic Club KC U-21 : RHP Bob Sosa
Batting: LHB Domingo Colón 0-0: Foul Ball, location: 2F
0-1: Foul Ball, location: 2F
0-2: Ball
1-2: Ball
2-2: Strikes out swinging
Batting: RHB Ramón Ramírez 0-0: Called Strike
0-1: Ball
1-1: Ball
2-1: Foul Ball, location: 2F
2-2: DOUBLE (Line Drive, 78D)
Batting: SHB Paul Maddox 0-0: Ball
1-0: Swinging Strike
1-1: Ball
2-1: Ball
3-1: Called Strike
3-2: Base on Balls
Pinch Hitting: LHB Atro Jarvilehto 0-0: Called Strike
0-1: Swinging Strike
0-2: Fly out, F7 (Flyball, 78M)
Batting: RHB Ryan Faulkner 0-0: Ball
1-0: Called Strike
1-1: Ball
2-1: Fielders Choice at 2nd, 6-4 (Groundball, 6)
Bottom of the 9th over - 0 runs, 1 hit, 0 errors, 2 left on base; Athletic Club KC 5 - Bellevue 2
Tuesday, December 19th, 2017 - OOTP Baseball 18.8 Build 76